 Dungeon Crawl Stone Soup version 0.20.0-8-g6b59dc7 (webtiles) character file.

359 Inarius the Stinger (level 6, -1/46 HPs)
             Began as a Draconian Venom Mage on May 30, 2017.
             Slain by Grinder (10 damage)
             ... on level 4 of the Dungeon.
             The game lasted 00:10:38 (3751 turns).

Inarius the Stinger (Draconian Venom Mage)          Turns: 3751, Time: 00:10:38

Health: -1/46      AC:  7    Str: 10    XL:     6   Next: 37%
Magic:  11/11      EV: 13    Int: 18    God:
Gold:   156        SH:  0    Dex: 11    Spells: 6/12 levels left

rFire    . . .     SeeInvis .   r - +1 long sword (holy)
rCold    . . .     Gourm    .   (no shield)
rNeg     . . .     Faith    .   (armour unavailable)
rPois    .         Spirit   .   i - +0 hat {MR+}
rElec    .         Reflect  .   (no cloak)
rCorr    +         Harm     .   (no gloves)
MR       +....                  v - +0 pair of boots
Stlth    ++........             (no amulet)
Regen    0.2/turn               n - ring of resist corrosion
MPRegen  0.2/turn               w - ring of wizardry

@: no status effects
A: unfitting armour, cold-blooded, AC +6
a: no special abilities


You were on level 4 of the Dungeon.
You were not hungry.

You visited 1 branch of the dungeon, and saw 4 of its levels.

You collected 156 gold pieces.

Inventory:

Hand Weapons
 r - a +1 long sword of holy wrath (weapon)
Armour
 i - a +0 hat of magic resistance (worn)
 v - a +0 pair of boots (worn)
Jewellery
 n - a ring of resist corrosion (left hand)
 w - a ring of wizardry (right hand)
Wands
 t - a wand of confusion (25/48)
Scrolls
 c - a scroll of magic mapping
 d - a scroll of remove curse {unknown}
 e - a scroll of noise {unknown}
 f - a scroll of enchant armour {unknown}
 h - a scroll of teleportation {unknown}
 l - a scroll of amnesia
 o - 2 scrolls of recharging {unknown}
 q - 2 scrolls of identify {unknown}
Potions
 g - a potion of resistance {unknown}
 k - 2 potions of lignification {unknown}
 m - 2 potions of haste {unknown}
 p - a potion of curing {unknown}
 s - 2 potions of degeneration {unknown}
Books
 a - a Young Poisoner's Handbook

   Spells                             Type                      Level
   a - Sting                          Conjuration/Poison           1
   b - Poisonous Vapours              Poison/Air                   2
   c - Mephitic Cloud                 Conjuration/Poison/Air       3
   d - Olgreb's Toxic Radiance        Poison                       4
   e - Venom Bolt                     Conjuration/Poison           5
Comestibles
 b - 3 bread rations
 j - 5 royal jellies
 u - 3 fruits


   Skills:
 + Level 0.9 Fighting
 - Level 0.2 Long Blades
 * Level 2.8 Dodging
 - Level 1.7 Stealth
 + Level 3.7 Spellcasting
   Level 3.1 Conjurations
 + Level 1.5 Air Magic
 + Level 4.1 Poison Magic


You had 6 spell levels left.
You knew the following spells:

 Your Spells              Type           Power        Failure   Level  Hunger
b - Poisonous Vapours     Pois/Air       ##....       2%          2    ##.....
c - Olgreb's Toxic Radia  Pois           ###.....     11%         4    ####...


Dungeon Overview and Level Annotations

Branches:
Dungeon (4/15)
 Temple: D:4-7

Altars:
Ashenzari
Ru

Annotations:
D:4 Grinder


Innate Abilities, Weirdness & Mutations

Your plain brown scales are hard. (AC +6)
You cannot fit into any form of body armour.
You are cold-blooded and may be slowed by cold attacks.


Message History

Grinder is moderately wounded.
Grinder barely misses you.
You hit Grinder but do no damage.
Grinder is moderately wounded.
Grinder misses you. Grinder hits you.
You writhe in agony.
You closely miss Grinder. You tail-slap Grinder.
Grinder is moderately wounded.
Grinder closely misses you.
You hit Grinder but do no damage.
Grinder is moderately wounded.
Grinder gestures at you. Pain shoots through your body! Grinder hits you!
You writhe in agony.
* * * LOW HITPOINT WARNING * * *
You closely miss Grinder.
Your tail-slap misses Grinder.
Grinder is moderately wounded.
Grinder hits you but does no damage.
You barely miss Grinder.
Grinder is moderately wounded.
Grinder hits you!
You die...

#########
+.......#######
#.....@........
#.#####5###########
# #............<..#
#.###.########..##
....#######...#
..............>.#
#.####..#######..#
# #..#######..#
#.^.........#


You could see Grinder.

Vanquished Creatures
  An ogre (D:3)
  The ghost of Amnesiac the Sneak, an amateur DEEn (D:4)
  A jelly (D:3)
  An iguana (D:4)
  A worker ant (D:4)
  4 adders
  4 worms
  4 dart slugs
  2 leopard geckos
  3 giant cockroaches
  5 goblins
  12 hobgoblins
  6 jackals
  6 kobolds
  2 quokkas
  6 bats
  4 frilled lizards
  10 rats
73 creatures vanquished.

Notes
Turn   | Place    | Note
-------+----------+-------------------------------------------
     0 | D:1      | Inarius the Draconian Venom Mage began the quest for the Orb.
     0 | D:1      | Reached XP level 1. HP: 14/14 MP: 3/3
   231 | D:1      | Reached XP level 2. HP: 14/20 MP: 3/5
   463 | D:1      | Learned a level 2 spell: Poisonous Vapours
  1182 | D:2      | Reached XP level 3. HP: 23/26 MP: 4/6
  2195 | D:3      | Reached XP level 4. HP: 34/34 MP: 4/7
  2446 | D:3      | Noticed an ogre
  2490 | D:3      | Killed an ogre
  2490 | D:3      | Reached skill level 1 in Air Magic
  2490 | D:3      | Reached XP level 5. HP: 20/39 MP: 2/9
  2777 | D:3      | Learned a level 4 spell: Olgreb's Toxic Radiance
  2955 | D:3      | Found a faded altar of an unknown god.
  3317 | D:3      | Found a sacrificial altar of Ru.
  3317 | D:3      | Found a shattered altar of Ashenzari.
  3552 | D:4      | Noticed Amnesiac's ghost (amateur DEEn)
  3555 | D:4      | Noticed Grinder
  3565 | D:4      | Killed Amnesiac's ghost
  3565 | D:4      | Reached skill level 4 in Poison Magic
  3565 | D:4      | Reached XP level 6. HP: 37/46 MP: 11/11
  3600 | D:4      | Paralysed by Grinder for 2 turns
  3751 | D:4      | Slain by Grinder

Skill      XL: |  1  2  3  4  5 |
---------------+----------------+-----
Dodging        | 2 |  2.8
Conjurations   | 2 3 |  3.1
Spellcasting   | 3 |  3.7
Air Magic      | 1 |  1.5
Poison Magic   | 4 |  4.1
Fighting       | |  0.9
Long Blades    | |  0.2
Stealth        | |  1.7

Action                   |  1- 3 |  4- 6 || total
-------------------------+-------+-------++-------
Melee: Dagger            |    98 |       ||    98
       Unarmed           |    13 |       ||    13
       Tailslap          |    14 |     1 ||    15
       Long sword        |       |    35 ||    35
 Cast: Sting             |    33 |    31 ||    64
       Poisonous Vapours |    16 |    14 ||    30
       Olgreb's Toxic Ra |       |     2 ||     2
  Use: Scroll            |     1 |     1 ||     2
 Stab: Sleeping          |     2 |     1 ||     3
  Eat: Chunk             |     6 |     6 ||    12
Armor: Skin              |    25 |    17 ||    42
Dodge: Dodged            |    71 |    42 ||   113
       Rpst.: Long sword |       |    15 ||    15
